Match 38139877
Unlisted

Match 38139877
End
Selects Italian Combined Arms Battlegroup
Selects Bersaglieri Squad
Bersaglieri Squad
250 Light Carrier
Bersaglieri Squad
Construct Light Support Kompanie
Combat Half-tracks
MG34 Team
Selects Bersaglieri Bolster
Fire Support Elements
Pak 38 Mechanized Group
MG34 Team
2.5-tonne Medical Truck
Bersaglieri Squad
Woolridge
Erek
Tarsk____
安康
STALKER4732
ezh
kit.ohume
Devochkin
0
0

Comments sign in to comment!

No comments posted yet!